AoeStats
← RealTortoise297

Arabia

505131980Analyzed
1v1 RM · 23d ago on Sep 8, 2026· 36m 14s· 2 players
Game mode
Random Map
Map size
Tiny (2 player)
Population
200
Speed
Normal
Resources
Standard
Victory
Conquest
Starting age
Dark Age
Ending age
Imperial Age
RankedLock teamsTeams togetherTeam positionsShared explorationLock speedFull tech treeHidden civsTurbo modeCheats
Victory
Defeat
🇧🇷 Franks · Brazil
805
+16
🇺🇸 Celts · United States
808
-42
_Lupin_
7:59 Loom
8:06 Loom
10:10 Feudal Age
10:46 Double-Bit Axe
19:54 Castle Age
20:48 Scale Barding Armor
20:54 Forging
20:37 Gold Mining
21:01 Bow Saw
28:07 Elite Skirmisher
29:21 Fletching
33:26 Chain Barding Armor
34:56 Gold Shaft Mining
34:33 Husbandry
35:31 Bodkin Arrow
36:12 Iron Casting
RealTortoise297
3:08 Loom
10:41 Feudal Age
11:08 Double-Bit Axe
11:08 Horse Collar
13:35 Man-at-Arms
24:37 Castle Age
25:12 Scale Mail Armor
26:07 Bow Saw
25:28 Pikeman
25:54 Gambesons
25:34 Long Swordsman
Connection lost

Rejoining the realm…

Still unreachable

The connection could not be restored.

Session expired

The server has moved on; the page needs a fresh start.